 Dungeon Crawl Stone Soup version bcrawl-1.13.5 (webtiles) character file.

Game seed: 15150733872403043179

23271 MisterOstroum the Warrior (level 13, 0/150 HPs)
             Began as an Ogre Reaver on Aug 28, 2019.
             Was an Elder of Vehumet.
             Shot with an arrow by a centaur warrior (7 damage)
             ... on level 11 of the Dungeon.
             The game lasted 00:56:11 (21681 turns).

MisterOstroum the Warrior (Ogre Reaver)            Turns: 21681, Time: 00:56:12

Health: 0/150      AC: 11    Str: 19    XL:     13   Next: 5%
Magic:  1/33       EV: 15    Int: 17    God:    Vehumet [****..]
Gold:   1556       SH:  0    Dex: 13    Spells: 7/26 levels left

rFire    . . .     SeeInvis +   G - staff of earth
rCold    . . .     Gourm    .   (no shield)
rNeg     . . .     Faith    .   I - +0 troll leather armour
rPois    .         Spirit   .   T - +2 hat {MR+}
rElec    .         Reflect  .   u - +0 cloak
rCorr    .         Harm     .   (gloves unavailable)
MR       ++...                  (boots unavailable)
Stlth    ++........             (no amulet)
HPRegen  0.75/turn              M - ring of magical power
MPRegen  0.23/turn              L - ring of see invisible

@: agile, barbed spikes
A: large, unfitting armour, tough skin 1
a: Renounce Religion


You were on level 11 of the Dungeon.
You worshipped Vehumet.
Vehumet was greatly pleased with you.
You were not hungry.

You visited 3 branches of the dungeon, and saw 16 of its levels.
You also visited: Bailey.

You collected 1606 gold pieces.
You spent 50 gold pieces at shops.

Inventory:

Missiles
 g - 3069 stones
 A - 287 javelins
 E - 59 tomahawks (quivered)
 K - 8 throwing nets {!f!f}
Armour
 b - +0 steam dragon scales
 u - a +0 cloak (worn)
 I - a +0 troll leather armour (worn)
 T - a +2 hat of magic resistance (worn)
 Y - the +2 shadow dragon scales of Toyphuz {+Fly rElec Str-5 Dex+9 Stlth++++}
   (You took it off a gnoll in a bailey)

   It affects your strength (-5).
   It affects your dexterity (+9).
   It insulates you from electricity.
   It lets you fly.
   It makes you much more stealthy.
Magical Staves
 G - an uncursed staff of earth (weapon)
Jewellery
 f - an uncursed amulet of guardian spirit
 k - an uncursed ring of wizardry {unknown}
 o - an uncursed ring of magical power
 H - an uncursed ring of protection from magic
 L - a ring of see invisible (right hand)
 M - a ring of magical power (left hand)
 R - an uncursed ring of protection from fire
Wands
 j - a wand of iceblast (8)
 B - a wand of polymorph (16)
 J - a wand of enslavement (14)
 O - a wand of disintegration (17)
 P - a wand of random effects (10)
 S - a wand of acid (9)
Scrolls
 d - a scroll of immolation
 p - 3 scrolls of enchant weapon
 q - 2 scrolls of fear
 r - 5 scrolls of remove curse {@r2}
 v - 4 scrolls of noise {unknown}
 y - 3 scrolls of enchant armour {unknown}
 z - a scroll of identify {@r1}
 C - 2 scrolls of blinking
 F - 2 scrolls of amnesia {unknown}
 N - 2 scrolls of magic mapping {unknown}
 U - 2 scrolls of fog {unknown}
 V - 2 scrolls of summoning
Potions
 c - 3 potions of haste {@q4 !q}
 h - a potion of agility
 l - 6 potions of curing {@q1 !q}
 m - a potion of heal wounds {@q2 !q}
 n - a potion of magic
 s - a potion of invisibility {unknown}
 t - 3 potions of degeneration {unknown}
 w - 2 potions of ambrosia
 x - 5 potions of flight
 D - 2 potions of brilliance
 W - 2 potions of might {unknown}
 X - a potion of berserk rage {unknown}
Miscellaneous
 Z - a box of beasts
Comestibles
 a - 3 chunks of flesh
 e - 20 rations {!d}


   Skills:
 - Level 15.3 Fighting
   Level 4.2 Maces & Flails
 - Level 2.6 Dodging
 + Level 7.4 Spellcasting
 - Level 10.1 Conjurations
 - Level 3.2 Fire Magic
 - Level 10.4 Earth Magic
 - Level 3.1 Evocations


You had 7 spell levels left.
You knew the following spells:

 Your Spells              Type           Power        Failure   Level  Hunger
a - Iskenderun's Mystic   Conj           #####...     1%          3    ##.....
b - Sandblast             Erth           ######       1%          1    None
c - Stone Arrow           Conj/Erth      ######       1%          3    None
d - Flame Tongue          Conj/Fire      ####.        1%          1    None
e - Lee's Rapid Deconstr  Erth           ######....   1%          5    None
f - Iron Shot             Conj/Erth      ######....   9%          6    None

Your spell library contained the following spells:

 Spells                   Type           Power        Failure   Level  Hunger
 Bolt of Draining         Conj/Necr      ###.......   13%         5    #####..
 Conjure Flame            Conj/Fire      ####....     1%          3    ##.....
 Mephitic Cloud           Conj/Pois/Air  ###.....     2%          3    ##.....
 Iskenderun's Battlesphe  Conj/Chrm      ###.....     13%         5    #####..
 Poisonous Vapours        Pois/Air       #.....       21%         2    None
 Orb of Destruction       Conj           #####.....   41%         7    #######
 Poison Arrow             Conj/Pois      ###.......   52%         6    #######
 Freezing Cloud           Conj/Ice/Air   ###.......   75%         6    #######
 Spellforged Servitor     Conj/Summ      ###.......   96%         7    #######
 Ring of Flames           Chrm/Fire      ##........   100%        7    #######


Dungeon Overview and Level Annotations

Branches:
Dungeon (11/12)            Temple (0/1) D:5            Lair (4/6) D:9
  Swamp (0/3) Lair:3       Spider (0/3) Lair:2          Orc (1/1) D:9
    Elf: Orc:1       Vaults: D:11-12

Altars:
Cheibriados
Dithmenos
Elyvilon
Gozag
Hepliaklqana
Makhleb
Nemelex Xobeh
Uskayaw
Xom
Yredelemnul
The Shining One

Shops:
D:7 %*(   D:9 (

Annotations:
D:11 3 runed translucent doors, Lidrolic's ghost, journeyman GnFi
Lair:4 Harold


Innate Abilities, Weirdness & Mutations

You are too large for most types of armour.
You have tough skin. (AC +1)


Message History

Reactivating autopickup.
L - a ring of see invisible (right hand)
An unseen horror comes into view.
The unseen horror hits you but does no damage. x2
Casting: Lee's Rapid Deconstruction (safe; 1% risk of failure)
Confirm with . or Enter, or press ? or * to list all spells.
Aiming: Stone Arrow (safe; 1% risk of failure)
Press: ? - help, Shift-Dir - straight line, f - unseen horror
Aim: an unseen horror (slightly transparent)
You feel a surge of power!
The stone arrow misses the unseen horror.
The unseen horror hits you but does no damage.
You hit the unseen horror.
The unseen horror is lightly wounded.
The unseen horror hits you.
The unseen horror hits you but does no damage.
You closely miss the unseen horror.
The unseen horror is lightly wounded.
The unseen horror barely misses you.
You hit the unseen horror. You crush the unseen horror!
The unseen horror is moderately wounded.
The unseen horror hits you but does no damage.
The unseen horror completely misses you.
The unseen horror hits you!
You hit the unseen horror.
The unseen horror is moderately wounded.
The unseen horror closely misses you. The unseen horror hits you.
You hit the unseen horror. You crush the unseen horror!
The unseen horror is heavily wounded.
The unseen horror hits you.
The unseen horror hits you but does no damage.
You barely miss the unseen horror.
The unseen horror is heavily wounded.
The unseen horror barely misses you.
The unseen horror hits you but does no damage. x2
You hit the unseen horror.
The unseen horror is heavily wounded.
The unseen horror hits you!
* * * LOW HITPOINT WARNING * * *
The unseen horror hits you but does no damage.
You barely miss the unseen horror.
The unseen horror is heavily wounded.
The unseen horror closely misses you.
The unseen horror hits you but does no damage.
Casting: Stone Arrow (safe; 1% risk of failure)
Confirm with . or Enter, or press ? or * to list all spells.
Aiming: Stone Arrow (safe; 1% risk of failure)
Press: ? - help, Shift-Dir - straight line, f/p - unseen horror
Aim: an unseen horror (heavily wounded, slightly transparent)
You feel a surge of power!
The stone arrow hits the unseen horror.
The unseen horror is severely wounded.
The unseen horror closely misses you. The unseen horror hits you.
* * * LOW HITPOINT WARNING * * *
The unseen horror hits you but does no damage.
Found a potion of curing.
Really read
i - a scroll of teleportation {@r3 !r}?
As you read the scroll of teleportation {@r3 !r}, it crumbles to dust.
You feel strangely unstable. The unseen horror barely misses you.
Really quaff
m - 2 potions of heal wounds {@q2 !q}?
You feel much better. The unseen horror hits you.
The unseen horror hits you but does no damage.
You hit the unseen horror!
The unseen horror is severely wounded.
The unseen horror hits you. The yak gores you!
The unseen horror barely misses you.
Casting: Stone Arrow (safe; 1% risk of failure)
Confirm with . or Enter, or press ? or * to list all spells.
You don't have enough magic to cast that spell.
Unknown command.
Casting: Stone Arrow (safe; 1% risk of failure)
Confirm with . or Enter, or press ? or * to list all spells.
Aiming: Sandblast (safe; 1% risk of failure)
Press: ? - help, Shift-Dir - straight line, f/p - unseen horror
Aim: an unseen horror (severely wounded, slightly transparent)
You feel a surge of power!
The blast of sand hits the unseen horror.
You kill the unseen horror!
Vehumet accepts your kill.
Your Spellcasting skill increases to level 7!
g - 3069 stones The yak barely misses you.
The killer bee stings you.
You hit the yak but do no damage.
Your surroundings suddenly seem different.
The ironheart preserver shouts!
The centaur warrior shouts!
The centaur warrior shoots an arrow.
The arrow hits you but does no damage.
The centaur warrior shoots an arrow.
The arrow hits you.
The manticore flicks its tail.
The volley of spikes hits you!
The barbed spikes become lodged in your body.
* * * LOW HITPOINT WARNING * * *
The centaur warrior shoots an arrow.
The arrow hits you!!
* * * LOW HITPOINT WARNING * * *
Okay, then.
The centaur warrior shoots an arrow.
The arrow closely misses you.
The manticore flicks its tail.
The volley of spikes hits you!
You feel agile all of a sudden.
The centaur warrior shoots an arrow.
The arrow hits you!
You die...

#.......# #..# ...
#.......# ##)## ...
#.......# #.... ...
#.......###### #....
... ##H...p......#
####### ...
#...........####.##P♣.
...
#...........#<##.#W)$:
...
#...........#....+D...
...
#....@....c.#.#..+.D).
...
#........(..#.##.+....
##.
#...........#.##.#....
#####..######.##.##P♣P
##.## ##.######## #..#
#.......# # #..#
#.......# # #..#
####....# #H.# #....#


You could see an ironheart preserver, a centaur warrior and a manticore.

Vanquished Creatures
  Gastronok (D:9)
  3 two-headed ogres
  2 unseen horrors
  A cyclops (D:10)
  A wolf spider zombie (D:11)
  A deep elf mage (D:11)
  An ugly thing (D:9)
  An elephant (Lair:4)
  Joseph (D:9)
  2 cane toads
  4 trolls
  A jumping spider (shapeshifter) (D:9)
  3 meliai (D:11)
  Prince Ribbit (D:7)
  6 hippogriffs
  12 yaks
  7 wyverns
  2 hungry ghosts (D:9)
  A warg (D:9)
  2 water moccasins (Lair:1)
  A sky beast (D:6)
  9 orc warriors
  6 porcupines
  A black bear (D:7)
  A necrophage (D:7)
  2 ice beasts
  2 phantoms
  5 ogres
  4 centaurs
  9 crocodiles
  6 big kobolds
  13 bullfrogs
  8 gnoll sergeants (Bailey)
  2 scorpions
  A troll zombie (D:9)
  A water moccasin skeleton (D:5)
  8 killer bees
  12 wights
  4 howler monkeys
  3 crimson imps
  9 hounds
  2 jellies
  3 centaur zombies
  A bullfrog skeleton (D:6)
  2 centaur skeletons
  11 orc priests
  6 gnoll shamans (Bailey)
  8 orc wizards
  6 worker ants
  A killer bee zombie (D:6)
  5 ogre zombies (D:9)
  3 hound skeletons
  A hound zombie (D:9)
  A worker ant zombie (D:7)
  A howler monkey skeleton (D:8)
  21 gnolls
  13 adders
  A shadow imp (D:9)
  An ooze (D:2)
  An adder skeleton (D:6)
  3 worms (D:2)
  4 dart slugs
  3 leopard geckos
  35 orcs
  7 giant cockroaches
  9 goblins
  5 hobgoblins
  13 jackals
  4 quokkas
  3 ball pythons
  7 bats
  8 frilled lizards
  A goblin skeleton (D:9)
  2 goblin zombies (D:9)
  2 hobgoblin zombies (D:9)
  38 kobolds
  2 orc skeletons (D:9)
  11 orc zombies (D:9)
  6 rats
  A fungus (D:9)
412 creatures vanquished.

Vanquished Creatures (others)
  9 fungi
  9 plants
18 creatures vanquished.

Grand Total: 430 creatures vanquished

Notes
Turn   | Place    | Note
-------+----------+-------------------------------------------
     0 | D:1      | MisterOstroum the Ogre Reaver began the quest for the Orb.
     0 | D:1      | Reached XP level 1. HP: 24/24 MP: 3/3
    38 | D:1      | Reached XP level 2. HP: 29/33 MP: 5/5
   156 | D:1      | Reached * piety under Vehumet
   156 | D:1      | Offered knowledge of Flame Tongue by Vehumet.
   167 | D:1      | Learned a level 1 spell: Flame Tongue
   524 | D:1      | Reached XP level 3. HP: 37/41 MP: 6/6
   710 | D:1      | Reached skill level 5 in Fighting
  1476 | D:2      | Reached skill level 1 in Conjurations
  1476 | D:2      | Reached skill level 1 in Fire Magic
  1616 | D:2      | Offered knowledge of Sandblast by Vehumet.
  1616 | D:2      | Reached XP level 4. HP: 50/50 MP: 3/7
  1619 | D:2      | Learned a level 1 spell: Sandblast
  1651 | D:2      | Reached ** piety under Vehumet
  1695 | D:2      | Reached skill level 1 in Earth Magic
  2444 | D:2      | Found a basalt altar of Yredelemnul.
  2840 | D:3      | Reached XP level 5. HP: 57/57 MP: 8/8
  3284 | D:3      | Offered knowledge of Stone Arrow by Vehumet.
  3410 | D:3      | Noticed an ice beast
  4279 | D:4      | Learned a level 3 spell: Stone Arrow
  4318 | D:4      | Reached XP level 6. HP: 60/66 MP: 2/9
  4676 | D:4      | Found a sparkling altar of Nemelex Xobeh.
  4720 | D:4      | Found a white marble altar of Elyvilon.
  5092 | D:5      | Entered Level 5 of the Dungeon
  5101 | D:5      | Reached XP level 7. HP: 72/72 MP: 6/10
  5210 | D:5      | Found a burning altar of Makhleb.
  5210 | D:5      | Noticed a cacodemon
  5240 | D:5      | Found a staircase to the Ecumenical Temple.
  5766 | D:5      | Found a sparkling altar of Nemelex Xobeh.
  5768 | D:5      | Noticed a wyvern
  5776 | D:5      | Killed a wyvern
  5776 | D:5      | Reached skill level 6 in Fighting
  6318 | D:6      | Found a burning altar of Makhleb.
  6680 | D:6      | Reached XP level 8. HP: 84/84 MP: 2/11
  6851 | D:6      | Reached *** piety under Vehumet
  6851 | D:6      | Reached skill level 7 in Fighting
  7323 | D:6      | Reached skill level 8 in Fighting
  7463 | D:6      | Found a white marble altar of Elyvilon.
  7590 | D:6      | Reached skill level 9 in Fighting
  8442 | D:6      | Found a hazy altar of Hepliaklqana.
  8443 | D:6      | Found a shimmering altar of Xom.
  8455 | D:6      | Noticed a spectral ugly thing
  8794 | D:7      | Reached XP level 9. HP: 101/101 MP: 0/14
  9343 | D:7      | Reached skill level 10 in Fighting
  9343 | D:7      | Reached skill level 5 in Conjurations
  9343 | D:7      | Reached skill level 5 in Earth Magic
  9419 | D:7      | Offered knowledge of Iskenderun's Mystic Blast by Vehumet.
  9424 | D:7      | Learned a level 3 spell: Iskenderun's Mystic Blast
  9539 | D:7      | Reached skill level 5 in Spellcasting
  9579 | D:7      | Reached skill level 1 in Evocations
  9696 | D:7      | Found Naiwn's Food Shoppe.
  9732 | D:7      | Noticed a troll
  9773 | D:7      | Killed a troll
 10243 | D:7      | Found Ephued's Assorted Antiques.
 10400 | D:7      | Found Poshreu's Weapon Shoppe.
 10403 | D:7      | Bought a scroll labeled GIUREY CUDUSS for 25 gold pieces
 10403 | D:7      | Bought a scroll labeled EJEOCH MELL for 25 gold pieces
 10537 | D:7      | Reached XP level 10. HP: 110/110 MP: 14/18
 10568 | D:7      | Found a snail-covered altar of Cheibriados.
 10630 | D:7      | Reached **** piety under Vehumet
 10718 | D:7      | Found an opulent altar of Gozag.
 10756 | D:7      | Noticed Prince Ribbit
 10767 | D:7      | Killed Prince Ribbit
 11293 | D:7      | Offered knowledge of Lee's Rapid Deconstruction by Vehumet.
 11300 | D:7      | Learned a level 5 spell: Lee's Rapid Deconstruction
 11537 | D:8      | Noticed a two-headed ogre
 11565 | D:8      | Killed a two-headed ogre
 11799 | D:8      | Reached skill level 11 in Fighting
 11973 | D:8      | Found a glowing golden altar of the Shining One.
 12752 | D:9      | Noticed a red ugly thing
 12762 | D:9      | Killed a red ugly thing
 12808 | D:9      | Found a flagged portal.
 12817 | Bailey   | Entered a bailey
 12854 | Bailey   | Reached XP level 11. HP: 49/123 MP: 6/20
 13000 | Bailey   | Reached ***** piety under Vehumet
 13159 | Bailey   | Offered knowledge of Iron Shot by Vehumet.
 13219 | Bailey   | Identified the +2 shadow dragon scales of Toyphuz {+Fly
                  | rElec Str-5 Dex+9 Stlth++++}
 13379 | Bailey   | Reached skill level 12 in Fighting
 13602 | Bailey   | Identified the +2 scale mail "Maloun" {rPois rF+ Stlth+}
 13740 | Bailey   | Learned a level 6 spell: Iron Shot
 13896 | D:9      | Noticed Joseph
 13911 | D:9      | Killed Joseph
 14642 | D:9      | Found a staircase to the Lair.
 14713 | D:9      | Found a staircase to the Orcish Mines.
 14713 | D:9      | Noticed Gastronok
 15070 | D:9      | Found Axzugil's Antique Weapon Shoppe.
 15140 | D:9      | Found a shadowy altar of Dithmenos.
 15140 | D:9      | Found a hide-covered altar of Uskayaw.
 15372 | D:9      | Killed Gastronok
 15372 | D:9      | Reached skill level 10 in Earth Magic
 15587 | D:9      | Offered knowledge of Bolt of Draining by Vehumet.
 15587 | D:9      | Reached skill level 13 in Fighting
 15748 | Lair:1   | Entered Level 1 of the Lair of Beasts
 16138 | Lair:1   | Reached XP level 12. HP: 130/137 MP: 21/21
 17011 | Lair:2   | Found a hole to the Spider Nest.
 17113 | Lair:2   | Reached skill level 14 in Fighting
 18434 | Lair:3   | Found a staircase to the Swamp.
 19071 | Lair:4   | Noticed Harold
 19420 | Orc      | Entered the Orcish Mines
 19654 | Orc      | Noticed an orc warlord
 19659 | Orc      | Noticed an orc warlord
 20171 | D:10     | Entered Level 10 of the Dungeon
 20241 | D:10     | Reached skill level 15 in Fighting
 20492 | D:10     | Noticed a two-headed ogre
 20498 | D:10     | Killed a two-headed ogre
 21210 | D:11     | Found a runed translucent gate.
 21210 | D:11     | Found a runed translucent gate.
 21210 | D:11     | Found a runed translucent gate.
 21210 | D:11     | Noticed Lidrolic's ghost (journeyman GnFi)
 21210 | D:11     | Noticed a 12-headed hydra
 21212 | D:11     | Noticed a 12-headed hydra
 21393 | D:11     | Noticed a two-headed ogre
 21397 | D:11     | Killed a two-headed ogre
 21536 | D:11     | Reached skill level 10 in Conjurations
 21623 | D:11     | Reached XP level 13. HP: 129/150 MP: 23/23
 21625 | D:11     | Noticed an ironheart preserver
 21679 | D:11     | HP: 5/150 [centaur warrior/arrow (18)]
 21681 | D:11     | Shot with an arrow by a centaur warrior

Skill      XL: |  1  2  3  4  5  6  7  8  9 10 11 12 13 |
---------------+----------------------------------------+-----
Maces & Flails | 4 |  4.2
Fighting       | 5 6 9 10 11 13 15 | 15.3
Conjurations   | 1 2 3 4 5 6 7 10 | 10.1
Fire Magic     | 1 2 3 |  3.2
Earth Magic    | 2 3 4 5 8 10 | 10.4
Spellcasting   | 3 5 6 7 |  7.4
Evocations     | 3 |  3.1
Dodging        | |  2.6

Action                   |  1- 3 |  4- 6 |  7- 9 | 10-12 | 13-15 || total
-------------------------+-------+-------+-------+-------+-------++-------
Melee: Flail             |    92 |    44 |    75 |    17 |       ||   228
       Staff             |       |       |     3 |    53 |    11 ||    67
 Fire: Blowgun           |       |    26 |       |       |       ||    26
Throw: Stone             |    91 |    17 |    15 |    19 |       ||   142
       Tomahawk          |       |       |       |     3 |       ||     3
 Cast: Flame Tongue      |    50 |   129 |    25 |       |       ||   204
       Sandblast         |       |    19 |    33 |     4 |     1 ||    57
       Stone Arrow       |       |     6 |   103 |   386 |     7 ||   502
       Iskenderun's Myst |       |       |    13 |    78 |     5 ||    96
       Lee's Rapid Decon |       |       |       |    47 |     2 ||    49
       Iron Shot         |       |       |       |     7 |       ||     7
  Use: Scroll            |       |       |       |    18 |     2 ||    20
       Potion            |       |       |       |     4 |     2 ||     6
  Eat: Chunk             |     3 |    13 |    20 |    25 |       ||    61
       Ration            |       |       |     2 |     4 |       ||     6
Armor: Steam dragon scal |    84 |    80 |    44 |       |       ||   208
       Troll leather arm |       |       |     6 |   115 |    28 ||   149
Dodge: Dodged            |   118 |    94 |    81 |   149 |    22 ||   464
